 Dungeon Crawl Stone Soup version 0.31-a0-521-gc7390f8997 (webtiles) character file.

Game seed: 10035890014826078837

68392 experimilk the Brawler (level 14, -3/142 (143) HPs)
             Began as a Troll Gladiator on Aug 10, 2023.
             Was a High Priest of Wu Jian.
             Slain by Jorgrun
             ... wielding a staff of earth
              (12 damage)
             ... on level 10 of the Dungeon.
             The game lasted 00:56:46 (23947 turns).

experimilk the Brawler (Troll Gladiator)           Turns: 23947, Time: 00:56:47

HP:   -3/142 (143)  AC:  6    Str: 38    XL:     14   Next: 86%
MP:   0/13          EV: 10    Int:  6    God:    Wu Jian [*****.]
Gold: 1838          SH:  0    Dex: 11    Spells: 13/13 levels left

rFire   + .          .
                       - Unarmed
rCold   + . .        (no shield)
rNeg    . . .        H - +0 robe of the Midnight Sun {Str+3 Int-4 Slay+4 SInv}
rPois   +            b - +0 hat
rElec   +            u - +0 cloak
rCorr   +            (gloves unavailable)
SInv    +            (boots unavailable)
Will    ++...        v - amulet of Bulamam {Spirit +Blink Str+3}
Stlth   +            L - +6 ring of intelligence
HPRegen 1.23/turn    E - ring "Gaepp" {Will+ Str+3}
MPRegen 0.13/turn

%: guardian spirit
@: mighty, exhausted, resistant, grasped by roots, constricted, lightly drained
A: large, unfitting armour, claws 3, regeneration 1, shaggy fur 1, tough skin 1
a: Renounce Religion, Evoke Blink, Wall Jump, Serpent's Lash, Heavenly Storm


You were on level 10 of the Dungeon.
You worshipped Wu Jian.
Wu Jian was extremely pleased with you.
You visited 3 branches of the dungeon, and saw 17 of its levels.
You also visited: Ossuary and Ice Cave.

You collected 2069 gold pieces.
You spent 231 gold pieces at shops.

Inventory:

Missiles
 c - 3 throwing nets
 h - 5 large rocks
 q - a boomerang
 r - 15 poisoned darts (quivered)
 S - 15 curare-tipped darts
Armour
 b - a +0 hat (worn)
 u - a +0 cloak (worn)
 y - +0 ice dragon scales
 H - the +0 robe of the Midnight Sun (worn) {Str+3 Int-4 Slay+4 SInv}
   (You found it on level 5 of the Lair of Beasts)

   Str+3:     It affects your strength (+3).
   Int-4:     It affects your intelligence (-4).
   Slay+4:    It affects your accuracy & damage with ranged weapons and melee
   (+4).
   SInv:      It lets you see invisible.
Jewellery
 l - a ring of protection from cold
 n - a +6 ring of dexterity
 v - the amulet of Bulamam (around neck) {Spirit +Blink Str+3}
   (You found it in an ice cave)

   [amulet of guardian spirit]

   Spirit:    It causes incoming damage to be divided between your reserves of
   health and magic.
   Str+3:     It affects your strength (+3).
   +Blink:    It lets you blink.
 B - a ring of protection from fire
 E - the ring "Gaepp" (right claw) {Will+ Str+3}
   (You found it in an ice cave)

   [ring of willpower]

   Str+3:     It affects your strength (+3).
   Will+:     It increases your willpower.
 L - a +6 ring of intelligence (left claw)
Wands
 a - a wand of quicksilver (2)
 s - a wand of flame (5)
 x - a wand of iceblast (13)
 C - a wand of charming (12)
Scrolls
 d - a scroll of butterflies
 e - 2 scrolls of teleportation
 g - 2 scrolls of fear
 D - a scroll of vulnerability {unknown}
 F - 2 scrolls of revelation
 I - a scroll of poison {unknown}
 J - 2 scrolls of silence {unknown}
 O - a scroll of enchant armour {unknown}
 P - 2 scrolls of fog
 R - a scroll of acquirement {unknown}
Potions
 f - 2 potions of brilliance
 i - 6 potions of heal wounds
 j - 2 potions of ambrosia
 k - 2 potions of cancellation
 m - a potion of lignification
 o - a potion of attraction
 t - 2 potions of might
 w - 7 potions of curing
 z - 3 potions of berserk rage
 A - a potion of invisibility
Miscellaneous
 G - a phial of floods


   Skills:
 - Level 10.0 Fighting
 - Level 10.9 Throwing
 * Level 9.3 Armour
 - Level 10.0 Dodging
 - Level 15.0 Unarmed Combat


You had 13 spell levels left.
You didn't know any spells.
Your spell library contained the following spells:

 Spells                   Type           Power      Damage    Failure   Level
 Apportation              Tloc           0%         N/A       45%         1
 Freeze                   Ice            0%         1d3       45%         1
 Magic Dart               Conj           0%         1d3       45%         1
 Necrotise                Necr           0%         1d4       45%         1
 Summon Small Mammal      Summ           0%         N/A       45%         1
 Blink                    Tloc           0%         N/A       58%         2
 Call Imp                 Summ           0%         N/A       58%         2
 Cigotuvi's Dreadful Rot  Necr/Pois/Air  0%         N/A       58%         2
 Lesser Beckoning         Tloc           0%         N/A       58%         2
 Momentum Strike          Conj/Tloc      0%         3d8       58%         2
 Frozen Ramparts          Ice            0%         1d1       83%         3
 Gell's Gravitas          Tloc           0%         N/A       83%         3
 Hailstorm                Conj/Ice       0%         3d3       83%         3
 Ignite Poison            Fire/Tmut/Pois 0%         N/A       83%         3
 Mephitic Cloud           Conj/Pois/Air  0%         N/A       83%         3
 Ozocubu's Armour         Ice            0%         N/A       83%         3
 Stone Arrow              Conj/Erth      0%         3d7       83%         3
 Teleport Other           Tloc           0%         N/A       83%         3
 Animate Armour           Summ/Erth      0%         N/A       99%         4
 Animate Dead             Necr           0%         N/A       99%         4
 Summon Lightning Spire   Summ/Air       0%         N/A       99%         4
 Borgnjor's Vile Clutch   Necr/Erth      0%         N/A       100%        5
 Freezing Cloud           Conj/Ice/Air   0%         6-21      100%        5
 Lee's Rapid Deconstruct  Erth           0%         3d4*      100%        5
 Summon Forest            Summ/Tloc      0%         N/A       100%        5
 Conjure Ball Lightning   Conj/Air       0%         3x3d6     100%        6
 Death Channel            Necr           0%         N/A       100%        6
 Eringya's Noxious Bog    Tmut/Pois      0%         4d6       100%        6
 Ozocubu's Refrigeration  Ice            0%         4d7       100%        7
 Summon Hydra             Summ           0%         N/A       100%        7
 Discord                  Hex            0%         N/A       100%        8
 Disjunction              Tloc           0%         N/A       100%        8
 Lehudib's Crystal Spear  Conj/Erth      0%         10d2      100%        8


Dungeon Overview and Level Annotations

Branches:
Dungeon (11/15)            Temple (0/1) D:7            Lair (5/5) D:9
 Shoals (0/4) Lair:3        Snake (0/4) Lair:3        Slime (0/5) Lair:4
    Orc (1/2) D:10        Ossuary (visited)           IceCv (visited)

Altars:
Fedhas
Gozag
Hepliaklqana
Makhleb
Ru
Uskayaw
Wu Jian
Jiyva

Shops:
D:2 [   D:3 *   D:9 [[

Portals:
Trove: D:10 (give +3 storm dragon scales)

Annotations:
D:10 Jorgrun


Innate Abilities, Weirdness & Mutations

You are too large for most types of armour.
You have claws for hands.
Your natural rate of healing is unusually fast.
You are covered in fur. (AC +1)
You have tough skin. (AC +1)


Message History

You spin and attack Jorgrun, with incredible momentum.
You eviscerate Jorgrun!!!
Jorgrun is heavily wounded.
Your supernatural speed expires.
Unknown command.
You barely miss Jorgrun.
Jorgrun is heavily wounded.
You closely miss Jorgrun.
Jorgrun is heavily wounded.
Jorgrun closely misses you. Jorgrun hits you with a staff of earth!
Jorgrun shatters you!!
You mangle Jorgrun!!
Jorgrun is almost dead.
Jorgrun gestures next to you while chanting.
The wall shatters!
The blast of rock fragments hits you!
You scratch Jorgrun.
Jorgrun is almost dead.
Jorgrun casts a spell at you.
Roots burst forth from the earth!
The grasping roots grab you! The grasping roots constrict you.
* * * LOW HITPOINT WARNING * * *
You miss Jorgrun.
Jorgrun is almost dead.
Unknown command.
You miss Jorgrun. Your claw misses Jorgrun.
Jorgrun is almost dead.
Jorgrun hits you with a staff of earth!
* * * LOW HITPOINT WARNING * * *
Jorgrun closely misses you. The grasping roots constrict you!
* * * LOW HITPOINT WARNING * * *
Unknown command.
You claw Jorgrun!
Jorgrun is almost dead.
Jorgrun hits you with a staff of earth.
* * * LOW HITPOINT WARNING * * *
Jorgrun shatters you!
* * * LOW HITPOINT WARNING * * *
Jorgrun hits you with a staff of earth!
You die...

..'...##......##....'.......#
..######......#######.......#
..# #......# ######'## ..#
#......# #.# ### #.......#
#.# # #####+.#.# #####.# ###
#......#.## #.....#
..#######.###...#.####'#####
...#>.........#.@#.......#
................g........#
..#......)....#..'.......#
..#...........####.......#
..##..........# #.......#
..##..........# #.......#
############### #########


You could see Jorgrun.

Vanquished Creatures
  An azure jelly (IceCv)
  2 quicksilver oozes (IceCv)
  A dire elephant (Lair:5)
  A catoblepas (Lair:5)
  4 hydras
  A centaur warrior (D:8)
  A boulder beetle (Lair:5)
  A two-headed ogre (D:8)
  An alligator (Lair:5)
  Sonja (Lair:2)
  A skyshark (Lair:2)
  Pikel (D:8)
  A deep elf pyromancer (D:8)
  2 lindwurms
  An ugly thing (D:8)
  3 cyclopes
  2 orc sorcerers
  2 manticores (Lair:5)
  10 elephants (Lair:5)
  7 black mambas
  2 ice statues (IceCv)
  2 molten gargoyles (Lair:4)
  19 cane toads
  A gargoyle (D:11)
  Psyche (D:8)
  13 komodo dragons
  2 unseen horrors (D:11)
  4 rime drakes
  2 ice devils (Lair:5)
  Maggie (D:6)
  An efreet (D:8)
  A troll (D:10)
  12 polar bears
  4 raiju (Lair:5)
  A hornet (D:9)
  16 blink frogs
  8 dream sheep (Lair:5)
  15 slime creatures
  A shadow (D:11)
  45 yaks
  8 wyverns
  A wraith (D:9)
  5 basilisks
  A steam dragon (D:7)
  Grum (D:8)
  4 wargs (Lair:5)
  4 acid dragons
  Edmund (D:6)
  2 nagas (Lair:3)
  14 water moccasins
  13 hell hounds (Lair:5)
  2 ice beasts (D:5)
  13 black bears
  6 orc warriors
  4 great orb of eyes simulacra (IceCv)
  32 wolves
  4 centaurs
  3 ogres
  A lemure (D:8)
  2 phantoms (D:6)
  4 slime creature simulacra (IceCv)
  6 elf zombies (Ossuary)
  2 kobold brigands
  19 bullfrogs
  A gnoll sergeant (D:10)
  4 scorpions
  4 glowing shapeshifter simulacra (IceCv)
  10 wights
  8 killer bees (D:8)
  3 howler monkeys
  An electric eel (Lair:1)
  A crimson imp (D:11)
  5 lava snakes (Lair:4)
  2 human zombies (Ossuary)
  6 orc priests
  4 centaur zombies (Ossuary)
  2 hounds (D:5)
  10 jellies
  2 sleepcaps
  Jessica (D:2)
  13 orc wizards
  4 iguanas
  Natasha (twice) (D:2)
  6 hell rats (Lair:5)
  A shapeshifter simulacrum (IceCv)
  3 mummies (Ossuary)
  6 gnolls
  7 adders
  A shadow imp (D:8)
  A white imp (D:8)
  An ufetubus (D:4)
  4 worms
  A dart slug (D:1)
  46 orcs
  24 endoplasms
  4 giant cockroaches
  4 goblins (D:4)
  3 hobgoblins (D:3)
  2 jackals (D:2)
  20 kobolds
  4 quokkas
  3 ball pythons
  2 bats (D:2)
  3 frilled lizards
  5 rats
581 creatures vanquished.

Vanquished Creatures (others)
  A wizard (D:11)
  A slime creature (IceCv)
2 creatures vanquished.

Grand Total: 583 creatures vanquished

Notes
Turn   | Place    | Note
-------+----------+-------------------------------------------
     0 | D:1      | experimilk the Troll Gladiator began the quest for the Orb.
     0 | D:1      | Reached XP level 1. HP: 19/19 MP: 0/0
   141 | D:1      | You fall into a shaft and drop 1 floor!
   168 | D:2      | Reached XP level 2. HP: 27/27 MP: 1/1
   170 | D:2      | Reached skill level 4 in Unarmed Combat
   191 | D:2      | Noticed Jessica
   195 | D:2      | Killed Jessica
   196 | D:2      | Reached XP level 3. HP: 24/33 MP: 2/2
   211 | D:2      | Found a faded altar of an unknown god.
  1028 | D:1      | Reached XP level 4. HP: 37/41 MP: 3/3
  1199 | D:2      | Found Sycemeirch's Antique Armour Shop.
  1209 | D:2      | Found an ornate altar of the Wu Jian Council.
  1220 | D:2      | Became a worshipper of the Wu Jian Council
  1340 | D:2      | Noticed Natasha
  1345 | D:2      | Killed Natasha
  1346 | D:2      | Reached skill level 5 in Unarmed Combat
  1968 | D:2      | Noticed Natasha
  1977 | D:2      | Killed Natasha
  2137 | D:3      | Reached XP level 5. HP: 48/48 MP: 4/4
  2340 | D:3      | Found Nisigg's Assorted Antiques.
  2350 | D:3      | Bought a scroll of identify for 36 gold pieces
  2350 | D:3      | Bought a scroll of identify for 36 gold pieces
  2557 | D:4      | Reached skill level 6 in Unarmed Combat
  2620 | D:4      | Found a sacrificial altar of Ru.
  2655 | D:4      | Found a hazy altar of Hepliaklqana.
  2796 | D:4      | Reached * piety under Wu Jian
  2872 | D:4      | Found a sand-covered staircase.
  2883 | Ossuary  | Entered an ossuary
  2899 | Ossuary  | Reached XP level 6. HP: 28/48 MP: 5/5
  2907 | Ossuary  | Reached skill level 7 in Unarmed Combat
  3178 | Ossuary  | Reached skill level 8 in Unarmed Combat
  3178 | Ossuary  | Reached XP level 7. HP: 62/62 MP: 6/6
  3363 | Ossuary  | Reached skill level 9 in Unarmed Combat
  3508 | D:4      | Identified the ring of Ceyroumo {MP+9 EV+5}
  3557 | D:4      | Reached XP level 8. HP: 70/70 MP: 7/7
  3866 | D:4      | Reached skill level 10 in Unarmed Combat
  3944 | D:5      | Entered Level 5 of the Dungeon
  4032 | D:5      | Found a hide-covered altar of Uskayaw.
  4036 | D:5      | Reached ** piety under Wu Jian
  4305 | D:5      | Reached skill level 5 in Throwing
  4930 | D:6      | Noticed a slime creature
  4943 | D:6      | Killed a slime creature
  4944 | D:6      | Reached XP level 9. HP: 76/76 MP: 8/8
  4961 | D:6      | Reached *** piety under Wu Jian
  5105 | D:6      | Noticed Edmund
  5117 | D:6      | Killed Edmund
  5568 | D:6      | Identified the +0 robe of Acixyxedo {rElec}
  5787 | D:6      | Noticed Maggie
  5794 | D:6      | Killed Maggie
  5991 | D:7      | Found the +5 Force Lance {heavy, knockback}
  6085 | D:7      | Found a staircase to the Ecumenical Temple.
  6294 | D:7      | Reached skill level 10 in Throwing
  6469 | D:7      | Found an ornate altar of the Wu Jian Council.
  6860 | D:8      | Reached XP level 10. HP: 32/88 MP: 9/9
  7129 | D:8      | Noticed Grum
  7153 | D:8      | Reached **** piety under Wu Jian
  7172 | D:8      | Noticed Psyche
  7177 | D:8      | Killed Psyche
  7183 | D:8      | Killed Grum
  7437 | D:8      | Identified the +6 dagger of Puosumot {flame, rElec rC+}
  7463 | D:8      | Reached skill level 5 in Fighting
  7871 | D:8      | Noticed a deep elf pyromancer
  7876 | D:8      | Noticed a cyclops
  7880 | D:8      | Killed a deep elf pyromancer
  7882 | D:8      | Killed a cyclops
  7882 | D:8      | Noticed a two-headed ogre
  7884 | D:8      | Noticed a cyan ugly thing
  7924 | D:8      | Killed a cyan ugly thing
  7930 | D:8      | Killed a two-headed ogre
  8249 | D:8      | Noticed a centaur warrior
  8262 | D:8      | Killed a centaur warrior
  8263 | D:8      | Reached XP level 11. HP: 36/111 MP: 10/10
  9229 | D:9      | Noticed Pikel
  9362 | D:8      | Killed Pikel
  9576 | D:9      | Found a blossoming altar of Fedhas.
  9775 | D:9      | Found Zibboloe's Antique Armour Shoppe.
  9784 | D:9      | Bought a shimmering robe for 159 gold pieces
  9784 | D:9      | Identified the +0 robe of the Four Nightcaps {rElec} (You
                  | bought it in a shop on level 9 of the Dungeon)
 10093 | D:9      | Found Uqoor's Antique Armour Shop.
 10306 | D:9      | Reached skill level 10 in Fighting
 10496 | D:9      | Identified the ring of Luta {Wiz rPois rF+ Will- Int+4}
 10551 | D:9      | Found a staircase to the Lair.
 10704 | D:10     | Entered Level 10 of the Dungeon
 11176 | D:10     | Found an opulent altar of Gozag.
 11272 | D:10     | Found a staircase to the Orcish Mines.
 11300 | D:10     | Reached ***** piety under Wu Jian
 11534 | D:10     | Found a portal to a secret trove of treasure.
 11682 | D:10     | Found a burning altar of Makhleb.
 11898 | D:11     | Reached skill level 5 in Dodging
 12587 | D:11     | Noticed a wizard
 12600 | D:11     | Killed a wizard
 12803 | D:11     | Reached XP level 12. HP: 122/126 MP: 11/11
 13403 | Lair:1   | Entered Level 1 of the Lair of Beasts
 14110 | Lair:1   | You fall into a shaft and drop 1 floor!
 15201 | Lair:2   | Noticed Sonja
 15205 | Lair:2   | Killed Sonja
 15545 | Lair:3   | Reached skill level 10 in Dodging
 15613 | Lair:3   | Found a staircase to the Shoals.
 15707 | Lair:3   | Reached skill level 11 in Unarmed Combat
 15967 | Lair:3   | Reached XP level 13. HP: 133/133 MP: 12/12
 15968 | Lair:3   | Found a staircase to the Snake Pit.
 16607 | Lair:4   | Reached skill level 12 in Unarmed Combat
 16936 | Lair:4   | Reached skill level 13 in Unarmed Combat
 17426 | Lair:4   | Found a viscous altar of Jiyva.
 17427 | Lair:4   | Found a staircase to the Slime Pits.
 17738 | Lair:5   | Entered Level 5 of the Lair of Beasts
 17782 | Lair:5   | Reached skill level 14 in Unarmed Combat
 17909 | Lair:5   | Found a frozen archway.
 17921 | IceCv    | Entered an ice cave
 18482 | IceCv    | Noticed a quicksilver ooze
 18489 | IceCv    | Killed a quicksilver ooze
 18490 | IceCv    | Reached skill level 15 in Unarmed Combat
 18805 | IceCv    | Identified the amulet of Bulamam {Spirit +Blink Str+3}
 18959 | IceCv    | Noticed a quicksilver ooze
 19069 | IceCv    | Killed a quicksilver ooze
 19489 | IceCv    | Found a viscous altar of Jiyva.
 19489 | IceCv    | Noticed an azure jelly
 19496 | IceCv    | Killed an azure jelly
 19497 | IceCv    | Reached skill level 1 in Armour
 19497 | IceCv    | Reached XP level 14. HP: 143/143 MP: 13/13
 19522 | IceCv    | Identified the ring "Gaepp" {Will+ Str+3}
 20678 | Lair:5   | Reached skill level 5 in Armour
 21881 | Lair:5   | Reached ****** piety under Wu Jian
 23181 | Lair:5   | Identified the +0 robe of the Midnight Sun {Str+3 Int-4
                  | Slay+4 SInv}
 23509 | Orc:1    | Entered Level 1 of the Orcish Mines
 23516 | Orc:1    | Noticed Jorgrun
 23947 | D:10     | Slain by Jorgrun

Illustrated notes

Levels and vault maps discovered:
D:1:      saegor_arrival_simple_d, layout_loops_corners, minivault_5
D:2:      layout_loops_ring, dreamdust_ecumenical_altar_hidden_monk_grotto,
          basic_altar, serial_shops, shop, amcnicky_mini_rare_corridor_liquid,
          uniq_natasha, uniq_jessica
D:3:      layout_rooms, serial_rivers, chequers_serial_rivers_micro_e,
          chequers_serial_rivers_small_a, chequers_serial_rivers_micro_b,
          chequers_serial_rivers_small_a, serial_shops, shop
D:4:      minmay_chambers_of_twos, layout_loops_ring,
          mainiacjoe_overflow_catch_the_wave,
          lightli_ossuary_entry_decrepit_ruins
D:5:      minmay_angry_zag, layout_loops_cross, mainiacjoe_overflow_boulevard
D:6:      lemuel_slime, layout_rooms, minivault_5, uniq_maggie, uniq_edmund
D:7:      layout_loops_corners, mainiacjoe_overflow_chevrons,
          minmay_temple_entry_slanted
D:8:      minmay_quarter_circles, layout_basic, uniq_grum, uniq_psyche
D:9:      layout_big_octagon, fedhas_ov_isle_minmay, erik_lair_dragon,
          serial_shops, nicolae_shop_window_shopping, shop, uniq_pikel
D:10:     layout_roguey, lightli_temple_of_fire,
          mainiacjoe_overflow_surrounded_room, minmay_orc_entry_temple_small,
          enter_trove_6
D:11:     layout_loops_ring, grunt_decor_junction, lightli_wizard_tower
Lair:1:   layout_loops_ring, grunt_megastairs_4, serial_bayou_shore_a
Lair:2:   layout_loops_ring, st_stairs_9, grunt_megastairs_3,
          infiniplex_staircase_pool_2, uniq_sonja
Lair:3:   layout_cave_shapes, shoals_dummy_entry,
          minmay_snake_entry_guardpost_small, minivault_26
Lair:4:   cheibrodos_magma_flow, layout_regular_city, slime_entry_1
Lair:5:   hangedman_lair_in_review, layout_hall_layers,
          hangedman_lair_caniforms_friends, portal_ice_cave_demonic_guard
Orc:1:    layout_caves, uniq_jorgrun, uniq_urug

Skill      XL: |  1  2  3  4  5  6  7  8  9 10 11 12 13 14 |
---------------+-------------------------------------------+-----
Unarmed Combat | 4 5 6 8 9 10 11 15 | 15.0
Throwing       | 6 10 | 10.9
Fighting       | 2 8 10 | 10.0
Dodging        | 6 10 | 10.0
Armour         | 1 9 |  9.3

Action                     |  1- 3 |  4- 6 |  7- 9 | 10-12 | 13-15 || total
---------------------------+-------+-------+-------+-------+-------++-------
  Melee: Unarmed           |    48 |   131 |   244 |   494 |   579 ||  1496
         Punch             |       |     9 |     9 |    33 |    37 ||    88
  Throw: Boomerang         |       |     3 |    22 |    16 |    51 ||    92
         Dart              |       |       |     7 |       |    21 ||    28
         Large rock        |       |       |     1 |   116 |    77 ||   194
         Throwing net      |       |       |     1 |     1 |     4 ||     6
 Invoke: Serpent's Lash    |       |       |       |     2 |     9 ||    11
         Heavenly Storm    |       |       |       |       |     2 ||     2
Ability: Lunge             |       |    13 |    28 |    42 |    48 ||   131
         Whirlwind         |       |       |     7 |    89 |   111 ||   207
         Wall Jump         |       |       |       |     5 |     9 ||    14
         Evoke Blink       |       |       |       |       |     8 ||     8
  Evoke: Wand              |       |       |       |       |     5 ||     5
    Use: Scroll            |       |     3 |    10 |    12 |     6 ||    31
         Potion            |       |       |       |     1 |     4 ||     5
   Stab: Sleeping          |       |     3 |     4 |       |     1 ||     8
         Held in net/web   |       |       |     1 |     1 |       ||     2
         Distracted        |       |       |       |     2 |     1 ||     3
 Armour: Robe              |    15 |    33 |    16 |    47 |    11 ||   122
         Ice dragon scales |       |       |       |       |   121 ||   121
  Dodge: Dodged            |    24 |    49 |   117 |   371 |   306 ||   867
  Block: Other             |       |       |       |     9 |    27 ||    36

Table legend: (Time is in decaauts)
 A = Elapsed time spent in this place.
 B = Non-inter-level travel time spent in this place.
 C = Inter-level travel time spent in this place.
 D = Time resting spent in this place.
 E = Time spent auto-exploring this place.
 F = Levels seen in this place.
 G = Mean time per level.
                   A        B        C        D        E       F      G
               +--------+--------+--------+--------+--------+-----+--------+
         Total |  23835 |  22403 |   1432 |   8583 |   8975 |  19 | 1254.5 |
       Dungeon |  13238 |  12356 |    882 |   3984 |   6613 |  11 | 1203.5 |
          Lair |   8293 |   7744 |    549 |   3221 |   2250 |   5 | 1658.6 |
  Orcish Mines |     24 |     24 |      0 |      0 |      0 |   1 |   24.0 |
       Ossuary |    601 |    601 |      0 |    429 |     60 |   1 |  601.0 |
      Ice Cave |   1677 |   1677 |      0 |    949 |     52 |   1 | 1677.0 |
               +--------+--------+--------+--------+--------+-----+--------+

Top non-repeatable levels by time:
  Lair:5: 3582 daAuts
     D:8: 2608 daAuts
    D:10: 1748 daAuts
   IceCv: 1677 daAuts
  Lair:4: 1532 daAuts
     D:9: 1416 daAuts
  Lair:1: 1378 daAuts
    D:11: 1285 daAuts
     D:1: 1138 daAuts
     D:6: 1029 daAuts
  Lair:2: 997 daAuts
     D:5: 974 daAuts
     D:7: 863 daAuts
     D:2: 831 daAuts
     D:4: 828 daAuts
